cohdb
Replays
Latest Replays
All Replays
Popular Replays
Top Player Replays
Match Explorer
How It Works
Community
CoH3 Stats
Reddit
Sign in to upload your games and track your stats! →
Sign in with Steam
Match 35072977
Unlisted
Match 35072977
Overview
Messages
Build Orders
End
Construct Infanterie Kompanie
Selects Luftwaffe Battlegroup
Selects Luftwaffe Pioneer Support
Fallschirmpioneer Squad Paradrop
Grenadier Squad
Grenadier Squad
MG 42 Machine Gun Team
Selects LG40 Recoilless Gun Paradrop
Construct Luftwaffe Kompanie
LG40 Recoilless Gun Paradrop
221 Scout Car
Selects Reconnaissance Run
Selects Fallschirmjäger Squad Paradrop
Fallschirmjäger Squad Paradrop
Construct Panzer Kompanie
*Mule
Ra11
DanielD
Sociopath Finder
Phan
kamacura
PTE_Ryan
JohnD2609
0
0
Comments
sign in to comment!
No comments posted yet!